Connexion

Roadrunners vs Crunch

Created - 15 janvier 2024 at 08:20

Goals
1 2 3 T
Roadrunners 0 3 0 3
Crunch 2 0 3 5
Shots
1 2 3 T
Roadrunners 9 10 9 28
Crunch 19 7 13 39

GoalsPenalties
1st period
1. Crunch , Jean-Christophe Beaudin 23 (Thomas Tynan 35, Connor Corcoran 19) at 10:28 (PP)
2. Crunch , Mike Vecchione 20 (Connor Corcoran 20, Axel Andersson 40) at 19:32 (PP)
Justin Kirkland (TUC) for Holding (Minor) at 1:53
Nicolas Hague (TUC) for High sticking (Minor) at 9:05
Paul Ladue (TUC) for Delaying the game (Minor) at 19:06
2nd period
3. Roadrunners , Adam Erne 7 (Kevin Roy 15, Paul Ladue 18) at 1:04
4. Roadrunners , Beau Starret 2 (Gabriel Dumont 30, Drake Caggiula 27) at 10:06 (PP)
5. Roadrunners , Nic Dowd 16 (Adam Erne 9, Kevin Roy 16) at 12:59
Jaycob Megna (SYR) for Tripping (Minor) at 9:08
Nicolas Hague (TUC) for High sticking (Minor) at 13:46
3rd period
6. Crunch , Kody Clark 19 (Garnet Hathaway 7, Xavier Bouchard 26) at 9:45
7. Crunch , Austin Strand 12 (Mike Vecchione 19, Mason Shaw 32) at 15:49
8. Crunch , Xavier Bouchard 4 (Mikko Kokkonen 10, Nicolas Aube-Kubel 3) at 19:49 (Empty Net)
Noah Juulsen (TUC) for Slashing (Minor) at 4:59
Mikko Kokkonen (SYR) for Interference (Minor) at 7:11
Taylor Fedun (TUC) for Hooking (Minor) at 12:29
Goalie Stats
Calvin Pickard (TUC), 34 saves from 38 shots - (0,895), L, 20-18-2, 58:44 minutes
Anthony Stolarz (SYR), 25 saves from 28 shots - (0,893), W, 29-19-4, 60:00 minutes
3 StarsOfficial
1 - Mike Vecchione (SYR)
2 - Xavier Bouchard (SYR)
3 - Adam Erne (TUC)
Referees : Dave Jackson and Brad Watson
Linesman : David Brisebois and Shane Heyer
Game Note
Patrick Harper is injured at 19:10 of 2nd period (Sprained Left Ankle)
Xavier Bouchard has scored in a empty net!
Finance
Level 1 -- Attendance: 2000 (100,00%) -- Ticket Income $40,000
Level 2 -- Attendance: 942 (94,20%) -- Ticket Income $14,130
Total Attendance: 2942 (98,07%)
Total Ticket Income: $54,130
Other Income: $10,826
Total Income: $64,956



Team Name Goals Shots Shots Attemp Shots Blocked PIM HIT PP PK FO%
Roadrunners 328651212211 / 2 (50%)252%
Crunch 5397394282 / 6 (33%)148%

Roadrunners
Player Name POS G A P +/- PIM HIT SHT SB MP PP MP PP SHT PK MP PK SHT FO% FOT
Adam ErneLW/RW112102109:230:0000:3600% 1
Anthony GrecoLW/RW000-2002123:481:0105:19050% 4
Beau Starret C/LW101-1016018:251:5620:00032% 19
Brad HuntD000-2021123:491:2514:3900% 0
Drake CaggiulaC/LW/RW011-2032019:241:5600:35067% 3
Gabriel DumontC/RW011-1021016:421:5600:06061% 23
Justin KirklandC/LW/RW0000211015:161:0100:00075% 4
Kevin RoyLW/RW022100209:010:0000:1400% 0
Kole LindRW000000007:220:0000:0000% 0
Lane PedersonC000000007:220:0000:00025% 8
Mac HollowellD000-2032123:111:2514:0100% 0
Morgan BarronC/LW0000011010:230:0003:0100% 4
Nic DowdC/RW1011011114:560:0006:09069% 29
Nicolas HagueD0002432420:571:3223:1700% 0
Noah JuulsenD000-1221213:420:0000:2000% 0
Paul LadueD0112202222:331:3204:5200% 0
Scott WilsonC/LW0000003018:531:0103:3600% 0
Taylor FedunD000-1200015:020:0002:1500% 0
Crunch
Player Name POS G A P +/- PIM HIT SHT SB MP PP MP PP SHT PK MP PK SHT FO% FOT
Aaron LuchukC000000003:250:0000:00067% 3
Austin StrandD1011013325:545:2721:4800% 0
Axel AnderssonD011-1003019:564:1811:4200% 0
Blaine ByronC/LW000-2011019:123:5210:0000% 0
Connor CorcoranD022-1040119:514:1801:0900% 0
Garnet HathawayRW0112011114:360:4200:0000% 1
Jaycob MegnaD0001252024:555:2710:5000% 0
Jean-Christophe BeaudinC/RW101-2032018:443:5210:00050% 4
Kody ClarkRW101200105:130:4200:00043% 7
Mason ShawC/LW0111025020:485:1130:300100% 1
Mike VecchioneC/RW1121054020:485:1120:3000% 2
Mikko KokkonenD0111210114:140:0000:0000% 0
Nicolas Aube-KubelRW011100104:070:0000:1800% 1
Patrick HarperC/LW000000209:510:0000:00054% 13
Paul BittnerLW0001003013:300:0000:0000% 0
Riley NashC0001025226:065:5332:09148% 40
Thomas TynanC011-2035021:113:5212:27152% 23
Xavier BouchardD1121001114:400:0000:2500% 0



Play-by-Play

1st period


0:01 of 1st period - Beau Starret wins face-off versus Mike Vecchione in neutral zone.
0:36 of 1st period - Mason Shaw is hit by Brad Hunt and loses puck.
1:07 of 1st period - Mason Shaw is hit by Drake Caggiula and loses puck.
1:53 of 1st period - Minor Penalty to Justin Kirkland for Holding.
1:54 of 1st period - Thomas Tynan wins face-off versus Morgan Barron in Roadrunners zone.
1:55 of 1st period - Shot by Jean-Christophe Beaudin.
1:55 of 1st period - Shot Misses the Net.
2:40 of 1st period - Shot by Jaycob Megna.
2:40 of 1st period - Shot Blocked by Nicolas Hague.
2:42 of 1st period - Shot by Mason Shaw.
2:42 of 1st period - Deflect By Mike Vecchione.
2:42 of 1st period - Stopped by Calvin Pickard with a rebound.
2:44 of 1st period - Shot by Riley Nash.
2:44 of 1st period - Stopped by Calvin Pickard without a rebound.
2:45 of 1st period - Nic Dowd wins face-off versus Riley Nash in Roadrunners zone.
3:02 of 1st period - Shot by Garnet Hathaway.
3:02 of 1st period - Shot Blocked by Nic Dowd.
3:06 of 1st period - Shot by Kody Clark.
3:06 of 1st period - Shot Misses the Net.
3:08 of 1st period - Shot by Austin Strand.
3:08 of 1st period - Shot Blocked by Paul Ladue.
3:44 of 1st period - Shot by Thomas Tynan.
3:44 of 1st period - Shot Misses the Net.
3:52 of 1st period - Shot by Connor Corcoran.
3:52 of 1st period - Shot Blocked by Noah Juulsen.
3:54 of 1st period - Shot by Patrick Harper.
3:54 of 1st period - Shot Blocked by Noah Juulsen.
3:57 of 1st period - Garnet Hathaway is hit by Noah Juulsen and loses puck.
5:11 of 1st period - Shot by Nicolas Aube-Kubel.
5:11 of 1st period - Stopped by Calvin Pickard without a rebound.
5:12 of 1st period - Riley Nash wins face-off versus Nic Dowd in Roadrunners zone.
5:41 of 1st period - Shot by Mason Shaw.
5:41 of 1st period - Shot Blocked by Mac Hollowell.
5:59 of 1st period - Noah Juulsen is hit by Thomas Tynan and loses puck.
6:16 of 1st period - Shot by Morgan Barron.
6:16 of 1st period - Shot Misses the Net.
6:18 of 1st period - Shot by Morgan Barron.
6:18 of 1st period - Stopped by Anthony Stolarz with a rebound.
6:20 of 1st period - Shot by Noah Juulsen.
6:20 of 1st period - Shot Misses the Net.
6:29 of 1st period - Icing by Thomas Tynan.
6:30 of 1st period - Thomas Tynan wins face-off versus Beau Starret in Crunch zone.
7:02 of 1st period - Shot by Paul Bittner.
7:02 of 1st period - Stopped by Calvin Pickard without a rebound.
7:03 of 1st period - Nic Dowd wins face-off versus Riley Nash in Roadrunners zone.
7:03 of 1st period - Nic Dowd is hit by Mike Vecchione.
7:58 of 1st period - Justin Kirkland is hit by Connor Corcoran and loses puck.
8:25 of 1st period - Scott Wilson is hit by Connor Corcoran and loses puck.
8:52 of 1st period - Beau Starret is hit by Jean-Christophe Beaudin.
9:05 of 1st period - Minor Penalty to Nicolas Hague for High sticking.
9:06 of 1st period - Nic Dowd wins face-off versus Riley Nash in Roadrunners zone.
9:48 of 1st period - Icing by Connor Corcoran.
9:49 of 1st period - Anthony Greco wins face-off versus Thomas Tynan in Crunch zone.
10:02 of 1st period - Shot by Axel Andersson.
10:02 of 1st period - Stopped by Calvin Pickard without a rebound.
10:03 of 1st period - Riley Nash wins face-off versus Nic Dowd in Roadrunners zone.
10:04 of 1st period - Shot by Mike Vecchione.
10:04 of 1st period - Shot Misses the Net.
10:06 of 1st period - Shot by Austin Strand.
10:06 of 1st period - Deflect By Mason Shaw.
10:06 of 1st period - Stopped by Calvin Pickard with a rebound.
10:10 of 1st period - Shot by Riley Nash.
10:10 of 1st period - Shot Misses the Net.
10:12 of 1st period - Shot by Riley Nash.
10:12 of 1st period - Stopped by Calvin Pickard with a rebound.
10:18 of 1st period - Shot by Austin Strand.
10:18 of 1st period - Stopped by Calvin Pickard without a rebound.
10:19 of 1st period - Thomas Tynan wins face-off versus Morgan Barron in Roadrunners zone.
10:28 of 1st period - Shot by Jean-Christophe Beaudin.
10:28 of 1st period - Goal by Jean-Christophe Beaudin - Roadrunners : 0 - Crunch : 1.
10:29 of 1st period - Patrick Harper wins face-off versus Lane Pederson in neutral zone.
10:52 of 1st period - Shot by Paul Bittner.
10:52 of 1st period - Stopped by Calvin Pickard with a rebound.
10:54 of 1st period - Shot by Xavier Bouchard.
10:54 of 1st period - Shot Blocked by Nicolas Hague.
11:00 of 1st period - Shot by Garnet Hathaway.
11:00 of 1st period - Stopped by Calvin Pickard without a rebound.
11:01 of 1st period - Riley Nash wins face-off versus Gabriel Dumont in Roadrunners zone.
11:03 of 1st period - Mason Shaw is hit by Mac Hollowell.
11:13 of 1st period - Shot by Mason Shaw.
11:13 of 1st period - Stopped by Calvin Pickard without a rebound.
11:14 of 1st period - Beau Starret wins face-off versus Thomas Tynan in Roadrunners zone.
12:18 of 1st period - Paul Ladue is hit by Jaycob Megna and loses puck.
12:32 of 1st period - Scott Wilson is hit by Jaycob Megna and loses puck.
12:47 of 1st period - Shot by Scott Wilson.
12:47 of 1st period - Stopped by Anthony Stolarz without a rebound.
12:48 of 1st period - Patrick Harper wins face-off versus Nic Dowd in Crunch zone.
13:01 of 1st period - Shot by Paul Bittner.
13:01 of 1st period - Stopped by Calvin Pickard without a rebound.
13:02 of 1st period - Thomas Tynan wins face-off versus Lane Pederson in Roadrunners zone.
13:21 of 1st period - Brad Hunt is hit by Jean-Christophe Beaudin and loses puck.
14:30 of 1st period - Shot by Anthony Greco.
14:30 of 1st period - Stopped by Anthony Stolarz without a rebound.
14:31 of 1st period - Riley Nash wins face-off versus Gabriel Dumont in Crunch zone.
14:42 of 1st period - Shot by Mike Vecchione.
14:42 of 1st period - Shot Misses the Net.
15:18 of 1st period - Icing by Taylor Fedun.
15:19 of 1st period - Gabriel Dumont wins face-off versus Thomas Tynan in Roadrunners zone.
15:42 of 1st period - Shot by Jean-Christophe Beaudin.
15:42 of 1st period - Stopped by Calvin Pickard without a rebound.
15:43 of 1st period - Patrick Harper wins face-off versus Nic Dowd in Roadrunners zone.
15:52 of 1st period - Off-side.
15:53 of 1st period - Aaron Luchuk wins face-off versus Beau Starret in neutral zone.
16:00 of 1st period - Shot by Jaycob Megna.
16:00 of 1st period - Stopped by Calvin Pickard with a rebound.
16:05 of 1st period - Drake Caggiula is hit by Austin Strand.
16:07 of 1st period - Shot by Anthony Greco.
16:07 of 1st period - Shot Misses the Net.
16:11 of 1st period - Shot by Drake Caggiula.
16:11 of 1st period - Stopped by Anthony Stolarz without a rebound.
16:12 of 1st period - Jean-Christophe Beaudin wins face-off versus Adam Erne in Crunch zone.
16:37 of 1st period - Blaine Byron is hit by Brad Hunt and loses puck.
16:45 of 1st period - Jean-Christophe Beaudin is hit by Mac Hollowell and loses puck.
16:50 of 1st period - Shot by Thomas Tynan.
16:50 of 1st period - Stopped by Calvin Pickard without a rebound.
16:51 of 1st period - Riley Nash wins face-off versus Beau Starret in Roadrunners zone.
17:08 of 1st period - Shot by Drake Caggiula.
17:08 of 1st period - Deflect By Beau Starret .
17:08 of 1st period - Stopped by Anthony Stolarz without a rebound.
17:09 of 1st period - Gabriel Dumont wins face-off versus Patrick Harper in Crunch zone.
17:12 of 1st period - Shot by Scott Wilson.
17:12 of 1st period - Stopped by Anthony Stolarz with a rebound.
17:14 of 1st period - Shot by Gabriel Dumont.
17:14 of 1st period - Shot Misses the Net.
17:16 of 1st period - Shot by Noah Juulsen.
17:16 of 1st period - Shot Misses the Net.
17:18 of 1st period - Shot by Noah Juulsen.
17:18 of 1st period - Shot Misses the Net.
17:20 of 1st period - Shot by Taylor Fedun.
17:20 of 1st period - Shot Blocked by Xavier Bouchard.
17:22 of 1st period - Shot by Taylor Fedun.
17:22 of 1st period - Shot Misses the Net.
17:36 of 1st period - Scott Wilson is hit by Garnet Hathaway and loses puck.
18:03 of 1st period - Shot by Beau Starret .
18:03 of 1st period - Stopped by Anthony Stolarz without a rebound.
18:04 of 1st period - Nic Dowd wins face-off versus Riley Nash in Crunch zone.
18:04 of 1st period - Mac Hollowell is hit by Jaycob Megna.
18:06 of 1st period - Shot by Kevin Roy.
18:06 of 1st period - Stopped by Anthony Stolarz with a rebound.
18:18 of 1st period - Shot by Mason Shaw.
18:18 of 1st period - Shot Blocked by Brad Hunt.
18:23 of 1st period - Mason Shaw is hit by Mac Hollowell and loses puck.
18:26 of 1st period - Shot by Mike Vecchione.
18:26 of 1st period - Stopped by Calvin Pickard without a rebound.
18:27 of 1st period - Thomas Tynan wins face-off versus Beau Starret in Roadrunners zone.
18:39 of 1st period - Shot by Axel Andersson.
18:39 of 1st period - Stopped by Calvin Pickard without a rebound.
18:40 of 1st period - Gabriel Dumont wins face-off versus Riley Nash in Roadrunners zone.
18:49 of 1st period - Shot by Mac Hollowell.
18:49 of 1st period - Stopped by Anthony Stolarz without a rebound.
18:50 of 1st period - Drake Caggiula wins face-off versus Jean-Christophe Beaudin in Crunch zone.
18:51 of 1st period - Shot by Beau Starret .
18:51 of 1st period - Shot Blocked by Austin Strand.
19:06 of 1st period - Minor Penalty to Paul Ladue for Delaying the game.
19:07 of 1st period - Nic Dowd wins face-off versus Riley Nash in Roadrunners zone.
19:07 of 1st period - Nic Dowd is hit by Mike Vecchione.
19:30 of 1st period - Shot by Mike Vecchione.
19:30 of 1st period - Shot Misses the Net.
19:32 of 1st period - Shot by Mike Vecchione.
19:32 of 1st period - Goal by Mike Vecchione - Roadrunners : 0 - Crunch : 2.
19:33 of 1st period - Thomas Tynan wins face-off versus Gabriel Dumont in neutral zone.
19:41 of 1st period - Icing by Nicolas Hague.
19:42 of 1st period - Gabriel Dumont wins face-off versus Thomas Tynan in Roadrunners zone.
19:49 of 1st period - Scott Wilson is hit by Jean-Christophe Beaudin and loses puck.
19:56 of 1st period - Shot by Blaine Byron.
19:56 of 1st period - Shot Blocked by Nicolas Hague.
19:58 of 1st period - Shot by Jaycob Megna.
19:58 of 1st period - Shot Blocked by Paul Ladue.
Goals for this period are 0 for Roadrunners vs 2 for Crunch.
Shots for this period are 9 for Roadrunners vs 19 for Crunch.

2nd period


0:01 of 2nd period - Beau Starret wins face-off versus Riley Nash in neutral zone.
0:24 of 2nd period - Shot by Mason Shaw.
0:24 of 2nd period - Shot Misses the Net.
0:26 of 2nd period - Shot by Riley Nash.
0:26 of 2nd period - Stopped by Calvin Pickard without a rebound.
0:27 of 2nd period - Nic Dowd wins face-off versus Thomas Tynan in Roadrunners zone.
0:50 of 2nd period - Shot by Adam Erne.
0:50 of 2nd period - Shot Hit the Post.
0:52 of 2nd period - Shot by Nicolas Hague.
0:52 of 2nd period - Shot Misses the Net.
0:54 of 2nd period - Shot by Adam Erne.
0:54 of 2nd period - Shot Misses the Net.
0:56 of 2nd period - Shot by Nic Dowd.
0:56 of 2nd period - Shot Misses the Net.
1:02 of 2nd period - Shot by Kevin Roy.
1:02 of 2nd period - Shot Misses the Net.
1:04 of 2nd period - Shot by Adam Erne.
1:04 of 2nd period - Goal by Adam Erne - Roadrunners : 1 - Crunch : 2.
1:05 of 2nd period - Riley Nash wins face-off versus Beau Starret in neutral zone.
1:39 of 2nd period - Off-side.
1:40 of 2nd period - Justin Kirkland wins face-off versus Patrick Harper in neutral zone.
1:45 of 2nd period - Garnet Hathaway is hit by Gabriel Dumont and loses puck.
3:55 of 2nd period - Jaycob Megna is hit by Drake Caggiula and loses puck.
3:59 of 2nd period - Austin Strand is hit by Beau Starret and loses puck.
4:03 of 2nd period - Icing by Jaycob Megna.
4:04 of 2nd period - Lane Pederson wins face-off versus Riley Nash in Crunch zone.
4:48 of 2nd period - Garnet Hathaway is hit by Noah Juulsen.
5:51 of 2nd period - Paul Ladue is hit by Jaycob Megna and loses puck.
6:27 of 2nd period - Icing by Mac Hollowell.
6:28 of 2nd period - Patrick Harper wins face-off versus Anthony Greco in Roadrunners zone.
6:47 of 2nd period - Shot by Patrick Harper.
6:47 of 2nd period - Stopped by Calvin Pickard without a rebound.
6:48 of 2nd period - Nic Dowd wins face-off versus Riley Nash in Roadrunners zone.
7:01 of 2nd period - Axel Andersson is hit by Nic Dowd and loses puck.
7:28 of 2nd period - Icing by Taylor Fedun.
7:29 of 2nd period - Nic Dowd wins face-off versus Thomas Tynan in Roadrunners zone.
7:29 of 2nd period - Adam Erne is hit by Blaine Byron and loses puck.
7:48 of 2nd period - Shot by Thomas Tynan.
7:48 of 2nd period - Stopped by Calvin Pickard without a rebound.
7:49 of 2nd period - Patrick Harper wins face-off versus Beau Starret in Roadrunners zone.
8:04 of 2nd period - Shot by Anthony Greco.
8:04 of 2nd period - Shot Misses the Net.
8:06 of 2nd period - Shot by Anthony Greco.
8:06 of 2nd period - Shot Misses the Net.
8:08 of 2nd period - Shot by Brad Hunt.
8:08 of 2nd period - Shot Misses the Net.
8:35 of 2nd period - Icing by Xavier Bouchard.
8:36 of 2nd period - Gabriel Dumont wins face-off versus Patrick Harper in Crunch zone.
9:08 of 2nd period - Minor Penalty to Jaycob Megna for Tripping.
9:09 of 2nd period - Gabriel Dumont wins face-off versus Riley Nash in Crunch zone.
9:19 of 2nd period - Shot by Mac Hollowell.
9:19 of 2nd period - Stopped by Anthony Stolarz without a rebound.
9:20 of 2nd period - Justin Kirkland wins face-off versus Riley Nash in Crunch zone.
9:34 of 2nd period - Scott Wilson is hit by Thomas Tynan and loses puck.
9:41 of 2nd period - Shot by Nicolas Hague.
9:41 of 2nd period - Stopped by Anthony Stolarz without a rebound.
9:42 of 2nd period - Riley Nash wins face-off versus Gabriel Dumont in Crunch zone.
10:06 of 2nd period - Shot by Beau Starret .
10:06 of 2nd period - Goal by Beau Starret - Roadrunners : 2 - Crunch : 2.
10:07 of 2nd period - Nic Dowd wins face-off versus Patrick Harper in neutral zone.
10:18 of 2nd period - Shot by Kevin Roy.
10:18 of 2nd period - Stopped by Anthony Stolarz with a rebound.
10:21 of 2nd period - Icing by Garnet Hathaway.
10:22 of 2nd period - Patrick Harper wins face-off versus Lane Pederson in Crunch zone.
10:35 of 2nd period - Shot by Garnet Hathaway.
10:35 of 2nd period - Shot Misses the Net.
10:38 of 2nd period - Garnet Hathaway is hit by Nicolas Hague and loses puck.
10:41 of 2nd period - Shot by Garnet Hathaway.
10:41 of 2nd period - Shot Misses the Net.
10:45 of 2nd period - Shot by Paul Bittner.
10:45 of 2nd period - Deflect By Patrick Harper.
10:45 of 2nd period - Shot Misses the Net.
10:56 of 2nd period - Icing by Nicolas Hague.
10:57 of 2nd period - Lane Pederson wins face-off versus Riley Nash in Roadrunners zone.
10:57 of 2nd period - Lane Pederson is hit by Riley Nash.
11:09 of 2nd period - Shot by Lane Pederson.
11:09 of 2nd period - Shot Misses the Net.
11:11 of 2nd period - Shot by Kole Lind.
11:11 of 2nd period - Shot Misses the Net.
12:07 of 2nd period - Icing by Jean-Christophe Beaudin.
12:08 of 2nd period - Jean-Christophe Beaudin wins face-off versus Gabriel Dumont in Crunch zone.
12:57 of 2nd period - Shot by Adam Erne.
12:57 of 2nd period - Shot Misses the Net.
12:59 of 2nd period - Shot by Nic Dowd.
12:59 of 2nd period - Goal by Nic Dowd - Roadrunners : 3 - Crunch : 2.
13:00 of 2nd period - Nic Dowd wins face-off versus Mike Vecchione in neutral zone.
13:00 of 2nd period - Kevin Roy is hit by Mason Shaw and loses puck.
13:10 of 2nd period - Nic Dowd is hit by Jaycob Megna and loses puck.
13:13 of 2nd period - Shot by Adam Erne.
13:13 of 2nd period - Shot Blocked by Riley Nash.
13:15 of 2nd period - Shot by Paul Ladue.
13:15 of 2nd period - Stopped by Anthony Stolarz without a rebound.
13:16 of 2nd period - Patrick Harper wins face-off versus Anthony Greco in Crunch zone.
13:36 of 2nd period - Shot by Anthony Greco.
13:36 of 2nd period - Stopped by Anthony Stolarz without a rebound.
13:37 of 2nd period - Riley Nash wins face-off versus Nic Dowd in Crunch zone.
13:37 of 2nd period - Riley Nash is hit by Adam Erne.
13:46 of 2nd period - Minor Penalty to Nicolas Hague for High sticking.
13:47 of 2nd period - Nic Dowd wins face-off versus Riley Nash in Roadrunners zone.
13:47 of 2nd period - Nic Dowd is hit by Mason Shaw.
14:19 of 2nd period - Brad Hunt is hit by Riley Nash and loses puck.
15:29 of 2nd period - Scott Wilson is hit by Mike Vecchione and loses puck.
15:39 of 2nd period - Shot by Jaycob Megna.
15:39 of 2nd period - Shot Misses the Net.
15:41 of 2nd period - Shot by Riley Nash.
15:41 of 2nd period - Stopped by Calvin Pickard without a rebound.
15:42 of 2nd period - Nic Dowd wins face-off versus Thomas Tynan in Roadrunners zone.
15:58 of 2nd period - Shot by Patrick Harper.
15:58 of 2nd period - Stopped by Calvin Pickard without a rebound.
15:59 of 2nd period - Beau Starret wins face-off versus Patrick Harper in Roadrunners zone.
16:12 of 2nd period - Shot by Drake Caggiula.
16:12 of 2nd period - Stopped by Anthony Stolarz without a rebound.
16:13 of 2nd period - Thomas Tynan wins face-off versus Lane Pederson in Crunch zone.
16:13 of 2nd period - Thomas Tynan is hit by Morgan Barron.
17:09 of 2nd period - Shot by Mason Shaw.
17:09 of 2nd period - Shot Misses the Net.
17:11 of 2nd period - Shot by Mike Vecchione.
17:11 of 2nd period - Stopped by Calvin Pickard without a rebound.
17:12 of 2nd period - Riley Nash wins face-off versus Drake Caggiula in Roadrunners zone.
17:13 of 2nd period - Shot by Mason Shaw.
17:13 of 2nd period - Stopped by Calvin Pickard without a rebound.
17:14 of 2nd period - Riley Nash wins face-off versus Beau Starret in Roadrunners zone.
17:15 of 2nd period - Shot by Mason Shaw.
17:15 of 2nd period - Shot Misses the Net.
17:21 of 2nd period - Mike Vecchione is hit by Drake Caggiula and loses puck.
18:16 of 2nd period - Off-side.
18:17 of 2nd period - Gabriel Dumont wins face-off versus Jean-Christophe Beaudin in neutral zone.
18:24 of 2nd period - Mikko Kokkonen is hit by Justin Kirkland and loses puck.
18:41 of 2nd period - Shot by Scott Wilson.
18:41 of 2nd period - Stopped by Anthony Stolarz without a rebound.
18:42 of 2nd period - Nic Dowd wins face-off versus Patrick Harper in Crunch zone.
18:44 of 2nd period - Kevin Roy is hit by Connor Corcoran and loses puck.
19:09 of 2nd period - Patrick Harper is hit by Adam Erne and loses puck.
19:10 of 2nd period - Patrick Harper from Crunch is injured at 19:10 of 2nd period (Sprained Left Ankle).
19:11 of 2nd period - Gabriel Dumont wins face-off versus Aaron Luchuk in Crunch zone.
19:38 of 2nd period - Shot by Gabriel Dumont.
19:38 of 2nd period - Shot Blocked by Riley Nash.
Goals for this period are 3 for Roadrunners vs 0 for Crunch.
Shots for this period are 10 for Roadrunners vs 7 for Crunch.

3rd period


0:01 of 3rd period - Riley Nash wins face-off versus Beau Starret in neutral zone.
1:07 of 3rd period - Paul Ladue is hit by Thomas Tynan.
1:08 of 3rd period - Icing by Paul Ladue.
1:09 of 3rd period - Justin Kirkland wins face-off versus Kody Clark in Roadrunners zone.
1:16 of 3rd period - Icing by Nicolas Hague.
1:17 of 3rd period - Thomas Tynan wins face-off versus Gabriel Dumont in Roadrunners zone.
1:35 of 3rd period - Scott Wilson is hit by Connor Corcoran.
1:37 of 3rd period - Shot by Gabriel Dumont.
1:37 of 3rd period - Deflect By Justin Kirkland.
1:37 of 3rd period - Stopped by Anthony Stolarz without a rebound.
1:38 of 3rd period - Aaron Luchuk wins face-off versus Nic Dowd in Crunch zone.
2:08 of 3rd period - Shot by Adam Erne.
2:08 of 3rd period - Shot Misses the Net.
2:10 of 3rd period - Shot by Noah Juulsen.
2:10 of 3rd period - Stopped by Anthony Stolarz without a rebound.
2:11 of 3rd period - Thomas Tynan wins face-off versus Beau Starret in Crunch zone.
2:16 of 3rd period - Shot by Axel Andersson.
2:16 of 3rd period - Stopped by Calvin Pickard without a rebound.
2:17 of 3rd period - Thomas Tynan wins face-off versus Beau Starret in Roadrunners zone.
4:10 of 3rd period - Icing by Paul Ladue.
4:11 of 3rd period - Kody Clark wins face-off versus Gabriel Dumont in Roadrunners zone.
4:11 of 3rd period - Kody Clark is hit by Nicolas Hague.
4:24 of 3rd period - Garnet Hathaway is hit by Nicolas Hague and loses puck.
4:36 of 3rd period - Icing by Mikko Kokkonen.
4:37 of 3rd period - Nic Dowd wins face-off versus Kody Clark in Crunch zone.
4:50 of 3rd period - Shot by Adam Erne.
4:50 of 3rd period - Shot Blocked by Garnet Hathaway.
4:59 of 3rd period - Minor Penalty to Noah Juulsen for Slashing.
5:00 of 3rd period - Riley Nash wins face-off versus Nic Dowd in Roadrunners zone.
5:07 of 3rd period - Shot by Austin Strand.
5:07 of 3rd period - Stopped by Calvin Pickard without a rebound.
5:08 of 3rd period - Nic Dowd wins face-off versus Riley Nash in Roadrunners zone.
5:08 of 3rd period - Nic Dowd is hit by Mike Vecchione.
5:28 of 3rd period - Shot by Mike Vecchione.
5:28 of 3rd period - Shot Blocked by Anthony Greco.
5:30 of 3rd period - Shot by Mason Shaw.
5:30 of 3rd period - Stopped by Calvin Pickard with a rebound.
5:32 of 3rd period - Shot by Riley Nash.
5:32 of 3rd period - Deflect By Mason Shaw.
5:32 of 3rd period - Stopped by Calvin Pickard without a rebound.
5:33 of 3rd period - Nic Dowd wins face-off versus Thomas Tynan in Roadrunners zone.
5:49 of 3rd period - Shot by Jean-Christophe Beaudin.
5:49 of 3rd period - Shot Blocked by Nicolas Hague.
5:51 of 3rd period - Shot by Blaine Byron.
5:51 of 3rd period - Stopped by Calvin Pickard without a rebound.
5:52 of 3rd period - Riley Nash wins face-off versus Morgan Barron in Roadrunners zone.
6:09 of 3rd period - Shot by Mike Vecchione.
6:09 of 3rd period - Shot Misses the Net.
6:24 of 3rd period - Icing by Austin Strand.
6:25 of 3rd period - Riley Nash wins face-off versus Morgan Barron in Crunch zone.
7:11 of 3rd period - Minor Penalty to Mikko Kokkonen for Interference.
7:12 of 3rd period - Gabriel Dumont wins face-off versus Riley Nash in Crunch zone.
7:21 of 3rd period - Shot by Beau Starret .
7:21 of 3rd period - Stopped by Anthony Stolarz without a rebound.
7:22 of 3rd period - Gabriel Dumont wins face-off versus Riley Nash in Crunch zone.
7:35 of 3rd period - Icing by Drake Caggiula.
7:36 of 3rd period - Drake Caggiula wins face-off versus Riley Nash in Roadrunners zone.
7:45 of 3rd period - Shot by Thomas Tynan.
7:45 of 3rd period - Stopped by Calvin Pickard with a rebound.
7:47 of 3rd period - Shot by Thomas Tynan.
7:47 of 3rd period - Deflect By Riley Nash.
7:47 of 3rd period - Stopped by Calvin Pickard without a rebound.
7:48 of 3rd period - Riley Nash wins face-off versus Justin Kirkland in Roadrunners zone.
8:09 of 3rd period - Shot by Brad Hunt.
8:09 of 3rd period - Stopped by Anthony Stolarz without a rebound.
8:10 of 3rd period - Gabriel Dumont wins face-off versus Nicolas Aube-Kubel in Crunch zone.
8:13 of 3rd period - Shot by Drake Caggiula.
8:13 of 3rd period - Deflect By Beau Starret .
8:13 of 3rd period - Shot Misses the Net.
8:15 of 3rd period - Shot by Gabriel Dumont.
8:15 of 3rd period - Shot Misses the Net.
8:45 of 3rd period - Shot by Paul Ladue.
8:45 of 3rd period - Shot Misses the Net.
8:47 of 3rd period - Shot by Beau Starret .
8:47 of 3rd period - Shot Blocked by Connor Corcoran.
8:49 of 3rd period - Shot by Nicolas Hague.
8:49 of 3rd period - Stopped by Anthony Stolarz with a rebound.
9:26 of 3rd period - Shot by Paul Bittner.
9:26 of 3rd period - Shot Misses the Net.
9:45 of 3rd period - Shot by Garnet Hathaway.
9:45 of 3rd period - Deflect By Kody Clark.
9:45 of 3rd period - Goal by Kody Clark - Roadrunners : 3 - Crunch : 3.
9:46 of 3rd period - Riley Nash wins face-off versus Lane Pederson in neutral zone.
10:46 of 3rd period - Shot by Axel Andersson.
10:46 of 3rd period - Shot Misses the Net.
10:48 of 3rd period - Shot by Axel Andersson.
10:48 of 3rd period - Shot Misses the Net.
11:41 of 3rd period - Shot by Beau Starret .
11:41 of 3rd period - Stopped by Anthony Stolarz without a rebound.
11:42 of 3rd period - Mason Shaw wins face-off versus Gabriel Dumont in Crunch zone.
11:42 of 3rd period - Mason Shaw is hit by Gabriel Dumont.
12:19 of 3rd period - Scott Wilson is hit by Mike Vecchione and loses puck.
12:29 of 3rd period - Minor Penalty to Taylor Fedun for Hooking.
12:30 of 3rd period - Thomas Tynan wins face-off versus Nic Dowd in Roadrunners zone.
12:33 of 3rd period - Shot by Thomas Tynan.
12:33 of 3rd period - Stopped by Calvin Pickard without a rebound.
12:34 of 3rd period - Nic Dowd wins face-off versus Thomas Tynan in Roadrunners zone.
12:49 of 3rd period - Shot by Anthony Greco.
12:49 of 3rd period - Shot Misses the Net.
13:57 of 3rd period - Shot by Jaycob Megna.
13:57 of 3rd period - Stopped by Calvin Pickard without a rebound.
13:58 of 3rd period - Nic Dowd wins face-off versus Riley Nash in Roadrunners zone.
14:34 of 3rd period - Icing by Garnet Hathaway.
14:35 of 3rd period - Kody Clark wins face-off versus Lane Pederson in Crunch zone.
14:55 of 3rd period - Shot by Garnet Hathaway.
14:55 of 3rd period - Shot Misses the Net.
14:57 of 3rd period - Shot by Garnet Hathaway.
14:57 of 3rd period - Deflect By Paul Bittner.
14:57 of 3rd period - Shot Misses the Net.
15:10 of 3rd period - Off-side.
15:11 of 3rd period - Thomas Tynan wins face-off versus Beau Starret in neutral zone.
15:35 of 3rd period - Icing by Mac Hollowell.
15:36 of 3rd period - Riley Nash wins face-off versus Beau Starret in Roadrunners zone.
15:47 of 3rd period - Shot by Mike Vecchione.
15:47 of 3rd period - Shot Misses the Net.
15:49 of 3rd period - Shot by Austin Strand.
15:49 of 3rd period - Goal by Austin Strand - Roadrunners : 3 - Crunch : 4.
15:50 of 3rd period - Gabriel Dumont wins face-off versus Kody Clark in neutral zone.
16:05 of 3rd period - Shot by Gabriel Dumont.
16:05 of 3rd period - Stopped by Anthony Stolarz without a rebound.
16:06 of 3rd period - Nic Dowd wins face-off versus Riley Nash in Crunch zone.
16:10 of 3rd period - Icing by Austin Strand.
16:11 of 3rd period - Riley Nash wins face-off versus Beau Starret in Crunch zone.
16:36 of 3rd period - Icing by Austin Strand.
16:37 of 3rd period - Riley Nash wins face-off versus Gabriel Dumont in Crunch zone.
17:23 of 3rd period - Icing by Connor Corcoran.
17:24 of 3rd period - Beau Starret wins face-off versus Thomas Tynan in Crunch zone.
17:27 of 3rd period - Shot by Beau Starret .
17:27 of 3rd period - Shot Misses the Net.
17:37 of 3rd period - Shot by Jean-Christophe Beaudin.
17:37 of 3rd period - Shot Misses the Net.
17:39 of 3rd period - Shot by Blaine Byron.
17:39 of 3rd period - Deflect By Thomas Tynan.
17:39 of 3rd period - Stopped by Calvin Pickard without a rebound.
17:40 of 3rd period - Kody Clark wins face-off versus Nic Dowd in Roadrunners zone.
18:03 of 3rd period - Shot by Kevin Roy.
18:03 of 3rd period - Shot Blocked by Mikko Kokkonen.
18:06 of 3rd period - Icing by Xavier Bouchard.
18:07 of 3rd period - Anthony Greco wins face-off versus Garnet Hathaway in Crunch zone.
18:07 of 3rd period - Brad Hunt is hit by Mikko Kokkonen.
18:11 of 3rd period - Shot by Beau Starret .
18:11 of 3rd period - Stopped by Anthony Stolarz without a rebound.
18:12 of 3rd period - Beau Starret wins face-off versus Riley Nash in Crunch zone.
18:17 of 3rd period - Shot by Anthony Greco.
18:17 of 3rd period - Shot Misses the Net.
18:33 of 3rd period - Roadrunners, Calvin Pickard is pulled from the net.
18:41 of 3rd period - Shot by Beau Starret .
18:41 of 3rd period - Shot Blocked by Austin Strand.
18:51 of 3rd period - Icing by Jaycob Megna.
18:52 of 3rd period - Gabriel Dumont wins face-off versus Riley Nash in Crunch zone.
19:09 of 3rd period - Shot by Gabriel Dumont.
19:09 of 3rd period - Shot Misses the Net.
19:11 of 3rd period - Shot by Justin Kirkland.
19:11 of 3rd period - Shot Misses the Net.
19:13 of 3rd period - Shot by Nicolas Hague.
19:13 of 3rd period - Shot Misses the Net.
19:23 of 3rd period - Shot by Scott Wilson.
19:23 of 3rd period - Shot Blocked by Austin Strand.
19:25 of 3rd period - Shot by Paul Ladue.
19:25 of 3rd period - Stopped by Anthony Stolarz without a rebound.
19:26 of 3rd period - Gabriel Dumont wins face-off versus Kody Clark in Crunch zone.
19:49 of 3rd period - Shot by Xavier Bouchard.
19:49 of 3rd period - Goal by Xavier Bouchard - Roadrunners : 3 - Crunch : 5.
19:49 of 3rd period - Calvin Pickard from Roadrunners was sent back in the game.
19:50 of 3rd period - Nic Dowd wins face-off versus Thomas Tynan in neutral zone.
Goals for this period are 0 for Roadrunners vs 3 for Crunch.
Shots for this period are 9 for Roadrunners vs 13 for Crunch.